 Dungeon Crawl Stone Soup version 0.31.0-9-g3a7656b989 (webtiles) character file.

Game seed: 2662552941551138351

27 qw the Shooter (level 2, -3/16 HPs)
             Began as a Deep Elf Hunter on Feb 2, 2024.
             Slain by a gnoll
             ... wielding a +0 flail
              (10 damage)
             ... on level 2 of the Dungeon.
             The game lasted 00:00:03 (811 turns).

qw the Shooter (Deep Elf Hunter)                     Turns: 811, Time: 00:00:03

Health: -3/16      AC:  5    Str:  8    XL:     2   Next: 93%
Magic:  4/4        EV: 10    Int: 13    God:
Gold:   67         SH:  0    Dex: 18    Spells: 1/1 levels left

rFire   . . .        a - +0 shortbow
rCold   . . .        (shield currently unavailable)
rNeg    . . .        g - +0 ring mail
rPois   .            (no helmet)
rElec   .            (no cloak)
rCorr   .            (no gloves)
SInv    .            (no boots)
Will    .....        (no amulet)
Stlth   +            (no ring)
HPRegen 0.22/turn    (no ring)
MPRegen 0.09/turn

%: no passive effects
@: no status effects
A: no striking features
a: no special abilities


You were on level 2 of the Dungeon.
You visited 1 branch of the dungeon, and saw 2 of its levels.

You collected 67 gold pieces.


   Skills:
 - Level 1.5 Fighting
 + Level 6.6 Ranged Weapons
 - Level 2.4 Dodging
 - Level 1.2 Stealth


You had one spell level left.
You didn't know any spells.
Your spell library was empty.

Inventory:

Hand Weapons
 a - a +0 shortbow (weapon)
Armour
 g - a +0 ring mail (worn)

Dungeon Overview and Level Annotations

Branches:
Dungeon (2/15)

Altars:


Message History

You shoot an arrow. The arrow closely misses the gnoll.
You shoot an arrow. The arrow hits the gnoll.
The gnoll is moderately wounded.
A gnoll comes into view. It is wielding a +0 flail.
You shoot an arrow. The gnoll shouts!
The arrow hits the gnoll but does no damage.
The gnoll is moderately wounded.
The gnoll hits you but does no damage.
You shoot an arrow. The arrow hits the gnoll.
The gnoll is heavily wounded.
The gnoll completely misses you.
A gnoll comes into view. It is wielding a +0 club.
Enter note:
Enter note:
804 ||| RETREEEEATING.
You shoot an arrow.
The arrow hits the gnoll but does no damage.
Enter note:
806 ||| RETREEEEATING.
Enter note:
807 ||| RETREEEEATING.
A bat comes into view.
The bat moves out of view.
You shoot an arrow. The arrow hits the gnoll.
The gnoll is heavily wounded.
The gnoll barely misses you. The gnoll hits you with a +0 flail.
Enter note:
809 ||| RETREEEEATING.
The gnoll attacks as it pursues you! The gnoll barely misses you.
Enter note:
Enter note:
810 ||| RETREEEEATING.
Found a robe.
You see here a quokka corpse.
Enter note:
811 ||| RETREEEEATING.
The gnoll hits you from afar with a +0 spear.
The gnoll hits you with a +0 flail!
Ouch! That really hurt!
You die...

....###.##.###
...## #.##.# ####
#.##.## ....# #
#.....# g.... #
#####.# ..#.# #
#.### ..... #
#...## ###..... #
##...#####...##...
# #.#..@.gg.!....#
.#
#.##%g##.$######
.# #.##...#.## ..
..##.#...#
..##.###...#
..(.... .....
....!.. .####
...... ..[###


You could see 3 gnolls.

Vanquished Creatures
  A dart slug (D:1)
  A ball python (D:2)
  6 endoplasms
  A goblin (D:1)
  3 hobgoblins
  2 quokkas
  2 bats (D:1)
  3 kobolds (D:1)
  2 rats
21 creatures vanquished.

Notes
Turn   | Place    | Note
-------+----------+-------------------------------------------
     0 | D:1      | qw the Deep Elf Hunter began the quest for the Orb.
     0 | D:1      | Reached XP level 1. HP: 12/12 MP: 3/3
     0 | D:1      | 0 ||| qw: Version: 0.3-a-155-g5e7d8dd
     0 | D:1      | 0 ||| qw: Game counter: 865
     0 | D:1      | 0 ||| qw: Melee chars always use a shield: true
     0 | D:1      | 0 ||| qw: God list: Okawaru
     0 | D:1      | 0 ||| qw: Allow faded altars: false
     0 | D:1      | 0 ||| qw: Do Orc after clearing Dungeon:15 true
     0 | D:1      | 0 ||| qw: Do second Lair branch before Depths: true
     0 | D:1      | 0 ||| qw: Lair rune preference: random
     0 | D:1      | 0 ||| qw: Goals: Normal
     0 | D:1      | 0 ||| PLANNING D:1-11
   166 | D:1      | Reached XP level 2. HP: 13/16 MP: 4/4
   248 | D:1      | Reached skill level 6 in Ranged Weapons
   380 | D:1      | Found a faded altar of an unknown god.
   625 | D:1      | 625 ||| UPGRADING to +0 ring mail.
   635 | D:1      | 635 ||| DROPPING +0 leather armour.
   636 | D:1      | 636 ||| READING 2 scrolls labelled JOUFIBBOQO.
   636 | D:1      | 636 ||| IDENTIFYING bubbling orange potion
   637 | D:1      | 637 ||| READING scroll of identify.
   637 | D:1      | 637 ||| IDENTIFYING scroll labelled VAOGAUNKIQ
   638 | D:1      | 638 ||| DROPPING scroll of butterflies.
   639 | D:1      | 639 ||| DROPPING potion of brilliance.
   640 | D:1      | 640 ||| DROPPING scroll of torment.
   714 | D:2      | 714 ||| FLEEEEING.
   716 | D:2      | 716 ||| FLEEEEING.
   804 | D:2      | 804 ||| RETREEEEATING.
   806 | D:2      | 806 ||| RETREEEEATING.
   807 | D:2      | 807 ||| RETREEEEATING.
   809 | D:2      | 809 ||| RETREEEEATING.
   810 | D:2      | 810 ||| RETREEEEATING.
   811 | D:2      | 811 ||| RETREEEEATING.
   811 | D:2      | Slain by a gnoll

Levels and vault maps discovered:
D:1:      matt_arrival_refuge, layout_basic, dilly_ecumenical_altar_fadedgnrine
D:2:      layout_rooms

Skill      XL: |  1  2 |
---------------+-------+-----
Ranged Weapons | 6 |  6.6
Fighting       | |  1.5
Dodging        | |  2.4
Stealth        | |  1.2

Action                     || total
---------------------------++-------
   Fire: Shortbow          ||    77
    Use: Scroll            ||     2
 Armour: Leather armour    ||     6
         Ring mail         ||    16
  Dodge: Dodged            ||    16

Table legend:
 A = Non-vault XP
 B = Vault XP
 C = Vault XP percentage of total XP
 D = Non-vault monster count
 E = Vault monster count
 F = Vault count percentage of total count
                 A         B        C        D         E       F
            +---------+---------+-------+---------+---------+-------
      Total |      39 |       0 |   0.0 |      21 |       0 |   0.0
            +---------+---------+-------+---------+---------+-------
        D:1 |      28 |       0 |   0.0 |      15 |       0 |   0.0
        D:2 |      11 |       0 |   0.0 |       6 |       0 |   0.0
            +---------+---------+-------+---------+---------+-------
